 Dungeon Crawl Stone Soup version 0.22-a0-601-gb0ed703 (webtiles) character file.

249 sking99 the Magician (level 6, -5/44 HPs)
             Began as a Gnoll Wizard on July 6, 2018.
             Was an Initiate of Vehumet.
             Slain by a hound (6 damage)
             ... on level 3 of the Dungeon.
             The game lasted 00:08:12 (3762 turns).

sking99 the Magician (Gnoll Wizard)                 Turns: 3762, Time: 00:08:13

Health: -5/44      AC:  2    Str:  6 (9)  XL:     6   Next: 12%
Magic:  0/16       EV: 14    Int: 21 (22) God:    Vehumet [......]
Gold:   108        SH:  0    Dex: 13 (14) Spells: 8/19 levels left

rFire    . . .     SeeInvis .   e - +0 dagger
rCold    . . .     Gourm    .   (no shield)
rNeg     . . .     Faith    .   a - +0 robe
rPois    .         Spirit   .   b - +0 hat
rElec    .         Reflect  .   (no cloak)
rCorr    .         Harm     .   (no gloves)
MR       .....                  (no boots)
Stlth    +++.......             (no amulet)
HPRegen  0.14/turn              (no ring)
MPRegen  0.15/turn              (no ring)

@: about to teleport
A: distributed training, fangs 1, strong nose
a: Renounce Religion


You were on level 3 of the Dungeon.
You worshipped Vehumet.
Vehumet was noncommittal.
You were not hungry.

You visited 1 branch of the dungeon, and saw 4 of its levels.

You collected 108 gold pieces.

Inventory:

Hand Weapons
 e - a +0 dagger (weapon)
Armour
 a - a +0 robe (worn)
 b - a +0 hat (worn)
 m - a +1 robe of fire resistance
 o - a +2 hat
Jewellery
 s - a +3 ring of evasion {unknown}
Scrolls
 c - a scroll of remove curse {unknown}
 g - a scroll of teleportation
 h - a scroll of noise {unknown}
 j - a scroll of immolation {unknown}
 k - 2 scrolls of identify {unknown}
 t - a scroll of blinking {unknown}
Potions
 f - a potion of curing
 i - a potion of flight {unknown}
 l - a potion of ambrosia {unknown}
 n - a potion of cancellation {unknown}
 p - a potion of degeneration
 q - a potion of experience {unknown}
 r - 2 potions of invisibility {unknown}
 u - a potion of haste {unknown}
Comestibles
 d - 6 rations
 v - 3 chunks of flesh


   Skills:
 + Level 1.8 Fighting
 + Level 1.8 Short Blades
 + Level 1.8 Long Blades
 + Level 1.8 Axes
 + Level 1.8 Maces & Flails
 + Level 1.8 Polearms
 + Level 1.8 Staves
 + Level 1.8 Slings
 + Level 1.8 Bows
 + Level 1.8 Crossbows
 + Level 1.8 Throwing
 + Level 1.8 Armour
 + Level 4.9 Dodging
 + Level 4.5 Stealth
 + Level 1.8 Shields
 + Level 1.8 Unarmed Combat
 + Level 7.3 Spellcasting
 + Level 2.5 Conjurations
 + Level 1.4 Hexes
 + Level 1.4 Charms
 + Level 2.5 Summonings
 + Level 1.4 Necromancy
 + Level 2.5 Translocations
 + Level 1.4 Transmutations
 + Level 1.4 Fire Magic
 + Level 1.4 Ice Magic
 + Level 1.4 Air Magic
 + Level 1.4 Earth Magic
 + Level 1.4 Poison Magic
 + Level 2.0 Invocations
 + Level 1.8 Evocations


You had 8 spell levels left.
You knew the following spells:

 Your Spells              Type           Power        Failure   Level  Hunger
a - Magic Dart            Conj           ###.         3%          1    None
b - Blink                 Tloc           N/A          4%          2    None
c - Call Imp              Summ           ###.....     4%          2    None
d - Conjure Flame         Conj/Fire      ###.....     11%         3    None
e - Mephitic Cloud        Conj/Pois/Air  ###.....     12%         3    None

Your spell library contained the following spells:

 Spells                   Type           Power        Failure   Level  Hunger
 Slow                     Hex            ##......     7%          2    None


Dungeon Overview and Level Annotations

Branches:
Dungeon (4/15)
 Temple: D:4-7

Altars:
Elyvilon
Makhleb
Okawaru
Qazlal
Uskayaw
Vehumet
Xom
Yredelemnul
Zin


Innate Abilities, Weirdness & Mutations

Your experience applies equally to all skills.
You have very sharp teeth.
Your uncanny sense of smell can sniff out nearby items.


Message History

You feel weakened.
You feel dopey.
You feel clumsy. The hound bites you.
* * * LOW HITPOINT WARNING * * *
Casting: Magic Dart (safe; 3% risk of failure)
Confirm with . or Enter, or press ? or * to list all spells.
Aiming: Magic Dart (safe; 3% risk of failure)
Press: ? - help, Shift-Dir - straight line, f/p - hound
Aim: a hound The magic dart hits the hound.
The hound is lightly wounded.
The hound barely misses you. x2
The hound closely misses you. The hound bites you.
* * * LOW HITPOINT WARNING * * *
There is a stone staircase leading up, spattered with blood here.
You see here a club.
As you read the scroll labeled MESHAE VASTYI, it crumbles to dust.
You feel strangely unstable.
It was a scroll of teleportation.
The hound bites you.
You die...

#....###..#### ##..#
##########...........####..######
......#...................###....
...................#...#.........
......#............#.#.#.####....
............................'....
#######.........)..#.#.#[####(...
.........)....[(h#.#.#...# #....
.......##.......@#.#.##..####....
........#........#.#.##........##
.................#.#.##..........
.......###.).....#.#.##..........
.................................
.......###.......#......>........
.......# #.......#.......#.##....
.......# #.......#.......#[##....
.......# #.......#.#+#####.......


You could see a hound.

Vanquished Creatures
  A worker ant (D:3)
  12 gnolls
  A howler monkey skeleton (D:4)
  3 adders (D:2)
  An ooze (D:1)
  4 worms (D:2)
  An orc (D:3)
  9 goblins
  10 hobgoblins
  10 bats
  4 frilled lizards
  5 kobolds
  7 rats
68 creatures vanquished.

Notes
Turn   | Place    | Note
-------+----------+-------------------------------------------
     0 | D:1      | sking99 the Gnoll Wizard began the quest for the Orb.
     0 | D:1      | Reached XP level 1. HP: 13/13 MP: 8/8
   217 | D:1      | Reached XP level 2. HP: 19/19 MP: 7/10
   374 | D:1      | Learned a level 2 spell: Blink
   377 | D:1      | Learned a level 2 spell: Call Imp
   465 | D:1      | Reached XP level 3. HP: 25/25 MP: 4/11
   730 | D:1      | Reached skill level 1 in Invocations
  1060 | D:2      | Reached skill level 1 in Fighting
  1060 | D:2      | Reached skill level 1 in Short Blades
  1060 | D:2      | Reached skill level 1 in Long Blades
  1060 | D:2      | Reached skill level 1 in Axes
  1060 | D:2      | Reached skill level 1 in Maces & Flails
  1060 | D:2      | Reached skill level 1 in Polearms
  1060 | D:2      | Reached skill level 1 in Staves
  1060 | D:2      | Reached skill level 1 in Slings
  1060 | D:2      | Reached skill level 1 in Bows
  1060 | D:2      | Reached skill level 1 in Crossbows
  1060 | D:2      | Reached skill level 1 in Throwing
  1060 | D:2      | Reached skill level 1 in Armour
  1060 | D:2      | Reached skill level 1 in Shields
  1060 | D:2      | Reached skill level 1 in Unarmed Combat
  1060 | D:2      | Reached skill level 1 in Evocations
  1060 | D:2      | Reached XP level 4. HP: 32/32 MP: 3/13
  1129 | D:2      | Learned a level 3 spell: Conjure Flame
  1133 | D:2      | Learned a level 3 spell: Mephitic Cloud
  1350 | D:2      | Found a white marble altar of Elyvilon.
  1654 | D:2      | Found a stormy altar of Qazlal.
  1658 | D:2      | Found a glowing silver altar of Zin.
  1661 | D:2      | Noticed an angel
  1664 | D:2      | Found a shimmering altar of Xom.
  2020 | D:2      | Found a hide-covered altar of Uskayaw.
  2020 | D:2      | Found an iron altar of Okawaru.
  2095 | D:2      | Reached skill level 1 in Hexes
  2095 | D:2      | Reached skill level 1 in Charms
  2095 | D:2      | Reached skill level 1 in Necromancy
  2095 | D:2      | Reached skill level 1 in Transmutations
  2095 | D:2      | Reached skill level 1 in Fire Magic
  2095 | D:2      | Reached skill level 1 in Ice Magic
  2095 | D:2      | Reached skill level 1 in Air Magic
  2095 | D:2      | Reached skill level 1 in Earth Magic
  2095 | D:2      | Reached skill level 1 in Poison Magic
  2333 | D:3      | Reached XP level 5. HP: 34/37 MP: 3/14
  3075 | D:3      | Found a basalt altar of Yredelemnul.
  3075 | D:3      | Found a radiant altar of Vehumet.
  3076 | D:3      | Found a burning altar of Makhleb.
  3093 | D:3      | Became a worshipper of Vehumet
  3224 | D:3      | Reached XP level 6. HP: 17/44 MP: 2/16
  3706 | D:4      | Noticed a phantom
  3754 | D:3      | HP: 2/44 [hound (3)]
  3760 | D:3      | HP: 1/44 [hound (5)]
  3762 | D:3      | Slain by a hound

Vault maps used:
D:1:      scummos_arrival_gate, kennysheep_crisscross
D:2:      grunt_temple_overflow_order_and_chaos_1, grunt_temple_overflow_open,
          gammafunk_temple_overflow_elements, first_ration, kennysheep_nub
D:3:      gammafunk_temple_overflow_claw
D:4:      kennysheep_generic_room_7

Skill      XL: |  1  2  3  4  5  6 |
---------------+-------------------+-----
Conjurations   | 2 |  2.5
Summonings     | 2 |  2.5
Translocations | 2 |  2.5
Invocations    | 1 2 |  2.0
Fighting       | 1 |  1.8
Short Blades   | 1 |  1.8
Long Blades    | 1 |  1.8
Axes           | 1 |  1.8
Maces & Flails | 1 |  1.8
Polearms       | 1 |  1.8
Staves         | 1 |  1.8
Slings         | 1 |  1.8
Bows           | 1 |  1.8
Crossbows      | 1 |  1.8
Throwing       | 1 |  1.8
Armour         | 1 |  1.8
Shields        | 1 |  1.8
Unarmed Combat | 1 |  1.8
Evocations     | 1 |  1.8
Hexes          | 1 |  1.4
Charms         | 1 |  1.4
Necromancy     | 1 |  1.4
Transmutations | 1 |  1.4
Fire Magic     | 1 |  1.4
Ice Magic      | 1 |  1.4
Air Magic      | 1 |  1.4
Earth Magic    | 1 |  1.4
Poison Magic   | 1 |  1.4
Dodging        | |  4.9
Stealth        | |  4.5
Spellcasting   | |  7.3

Action                   |  1- 3 |  4- 6 || total
-------------------------+-------+-------++-------
Melee: Unarmed           |    10 |       ||    10
       Bite              |     1 |     2 ||     3
       Dagger            |       |    12 ||    12
 Cast: Magic Dart        |    69 |   181 ||   250
       Call Imp          |     1 |     1 ||     2
       Conjure Flame     |       |     1 ||     1
       Mephitic Cloud    |       |     1 ||     1
  Use: Potion            |       |     2 ||     2
       Scroll            |       |     1 ||     1
  Eat: Chunk             |       |     8 ||     8
Armor: Robe              |     2 |     5 ||     7
Dodge: Dodged            |    10 |    84 ||    94

Table legend:
 A = Spawn XP
 B = Non-spawn XP
 C = Spawn XP percentage of total XP
 D = Spawn monster count
 E = Non-spawn monster count
 F = Spawn count percentage of total count
 G = Total turns spent on level
                    A         B        C        D         E        F      G
               +---------+---------+-------+---------+---------+-------+---------
         Total |       0 |     356 |   0.0 |       0 |      68 |   0.0 |  3762
               +---------+---------+-------+---------+---------+-------+---------
           D:1 |       0 |      64 |   0.0 |       0 |      27 |   0.0 |  1001
           D:2 |       0 |      86 |   0.0 |       0 |      17 |   0.0 |  1497
           D:3 |       0 |     192 |   0.0 |       0 |      23 |   0.0 |  1187
           D:4 |       0 |      14 |   0.0 |       0 |       1 |   0.0 |    77
               +---------+---------+-------+---------+---------+-------+---------
